SAA
PHOENIX HOTSPUR YOUTH @ IRVING BLUE SOX
08/08/2037
 
TOP OF THE 1ST
Phoenix Hotspur Youth batting - Pitching for Irving Blue Sox : RHP Joe Holland
Pitching: RHP Joe Holland
Batting: LHB Damian Alldred 0-0: Swinging Strike
0-1: Ball
1-1: Ball
2-1: SINGLE (Groundball, 34D, EV 107.5 MPH)
Batting: LHB Carel Oskamp 0-0: Ball
1-0: Called Strike
1-1: Called Strike
1-2: Fly out, F8 (Flyball, 8RS, EV 81.9 MPH)
Batting: RHB Peer Kattenberg 0-0: Called Strike
0-1: Ball
1-1: Ball
Damian Alldred is caught stealing 2nd base 2-4
2-1: Ball
3-1: SINGLE (Flyball, 78S, EV 91.9 MPH)
Batting: LHB Pancho Coloma 0-0: Ball
1-0: Swinging Strike
1-1: Swinging Strike
1-2: Ball
2-2: Foul Ball, location: 2F
2-2: Foul Ball, location: 2F
2-2: Ball
3-2: Strikes out swinging
Top of the 1st over - 0 runs, 2 hits, 0 errors, 1 left on base; Phoenix Hotspur 0 - Irving 0
BOTTOM OF THE 1ST
Irving Blue Sox batting - Pitching for Phoenix Hotspur Youth : LHP Michael Esposito
Pitching: LHP Michael Esposito
Batting: SHB Franck Kooijmans 0-0: Called Strike
0-1: Ball
1-1: SINGLE (Line Drive, 8RS, EV 98.8 MPH)
Batting: RHB Juan Perales 0-0: Called Strike
0-1: Ball
1-1: Ball
2-1: Foul Ball, location: 2F
2-2: Ball
3-2: Foul Ball, location: 2F
3-2: Fielders Choice at 2nd, 4-6 (Groundball, 4, EV 81.9 MPH)
Batting: LHB Wilson Hernández 0-0: Called Strike
0-1: Ball
1-1: Ball
2-1: Foul Ball, location: 2F
2-2: Ball
3-2: Fly out, F8 (Flyball, 8LS, EV 84.4 MPH)
Batting: LHB Ánibal Leobardo 0-0: Called Strike
Juan Perales steals 2nd base
0-1: Ball
1-1: SINGLE (Line Drive, 8LS, EV 93.1 MPH)
Juan Perales to third
Runner from 3rd tries for Home, SAFE, throw by CF to home
Batting: SHB Govaart Baars 0-0: Called Strike
0-1: Called Strike
Ánibal Leobardo is caught stealing 2nd base 2-4
Bottom of the 1st over - 1 run, 2 hits, 0 errors, 0 left on base; Phoenix Hotspur 0 - Irving 1
TOP OF THE 2ND
Phoenix Hotspur Youth batting - Pitching for Irving Blue Sox : RHP Joe Holland
Batting: RHB Nathan Pruitt 0-0: Ball
1-0: Ball
2-0: DOUBLE (Line Drive, 7LM, EV 108.8 MPH)
Batting: LHB Keith York 0-0: Ball
1-0: Foul Ball, location: 2F
1-1: Ball
2-1: Foul Ball, location: 2F
2-2: Foul Ball, location: 2F
2-2: Ball
3-2: Base on Balls
Batting: RHB Wilbert Hall 0-0: Ball
1-0: Called Strike
1-1: Called Strike
1-2: Ball
2-2: Grounds into double play, 6-4-3 (Groundball, 56, EV 85.6 MPH)
Nathan Pruitt to third
Batting: RHB Hal Larson 0-0: Ball
1-0: Swinging Strike
1-1: Foul Ball, location: 2F
1-2: Foul Ball, location: 2F
1-2: Ball
2-2: Foul Ball, location: 2F
2-2: Fly out, F5 (Line Drive, 5, EV 71.9 MPH)
Top of the 2nd over - 0 runs, 1 hit, 0 errors, 1 left on base; Phoenix Hotspur 0 - Irving 1
BOTTOM OF THE 2ND
Irving Blue Sox batting - Pitching for Phoenix Hotspur Youth : LHP Michael Esposito
Batting: SHB Govaart Baars 0-0: Called Strike
0-1: Foul Ball, location: 2F
0-2: Foul Ball, location: 2F
0-2: Foul Ball, location: 2F
0-2: Foul Ball, location: 2F
0-2: Foul Ball, location: 2F
0-2: Fly out, F8 (Flyball, 78XD, EV 98.1 MPH)
Batting: LHB António Escobeda 0-0: Swinging Strike
0-1: Ball
1-1: Swinging Strike
1-2: Foul Ball, location: 2F
1-2: Ball
2-2: Foul Ball, location: 2F
2-2: Fly out, F7 (Flyball, 7S, EV 87.5 MPH)
Batting: LHB Phil Beck 0-0: Ball
1-0: Swinging Strike
1-1: SINGLE (Line Drive, 4M, EV 101.9 MPH)
Batting: RHB José García 0-0: Called Strike
0-1: Foul Ball, location: 2F
0-2: Fly out, F8 (Flyball, 8LM, EV 95.0 MPH)
Bottom of the 2nd over - 0 runs, 1 hit, 0 errors, 1 left on base; Phoenix Hotspur 0 - Irving 1
TOP OF THE 3RD
Phoenix Hotspur Youth batting - Pitching for Irving Blue Sox : RHP Joe Holland
Batting: RHB Pedro Marín 0-0: Called Strike
0-1: Ball
1-1: Ball
2-1: DOUBLE (Line Drive, 7D, EV 95.0 MPH)
Batting: LHB Damian Alldred 0-0: Called Strike
0-1: Called Strike
0-2: Strikes out swinging
Batting: LHB Carel Oskamp 0-0: Ball
1-0: Swinging Strike
1-1: Foul Ball, location: 2F
1-2: Ball
2-2: Foul Ball, location: 2F
2-2: Foul Ball, location: 2F
2-2: Foul Ball, location: 2F
2-2: SINGLE (Groundball, 6D, EV 101.9 MPH)
Pedro Marín to third
Batting: RHB Peer Kattenberg 0-0: Swinging Strike
0-1: Ball
1-1: Ball
2-1: Fly out, F9 (Line Drive, 9, EV 90.6 MPH)
Batting: LHB Pancho Coloma 0-0: Ball
1-0: Ball
2-0: Called Strike
2-1: Swinging Strike
2-2: Ball
3-2: Base on Balls
Carel Oskamp to second
Batting: RHB Nathan Pruitt 0-0: Ball
1-0: Called Strike
1-1: Ball
2-1: Called Strike
2-2: Strikes out swinging
Top of the 3rd over - 0 runs, 2 hits, 0 errors, 3 left on base; Phoenix Hotspur 0 - Irving 1
BOTTOM OF THE 3RD
Irving Blue Sox batting - Pitching for Phoenix Hotspur Youth : LHP Michael Esposito
Batting: RHB Nelson Morán 0-0: Called Strike
0-1: Swinging Strike
0-2: Ball
1-2: Strikes out swinging
Batting: SHB Franck Kooijmans 0-0: Ball
1-0: Ball
2-0: Called Strike
2-1: Ground out 6-3 (Groundball, 6, EV 81.2 MPH)
Batting: RHB Juan Perales 0-0: Called Strike
0-1: Called Strike
0-2: Ground out 6-3 (Groundball, 6MS, EV 86.9 MPH)
Bottom of the 3rd over - 0 runs, 0 hits, 0 errors, 0 left on base; Phoenix Hotspur 0 - Irving 1
TOP OF THE 4TH
Phoenix Hotspur Youth batting - Pitching for Irving Blue Sox : RHP Joe Holland
Batting: LHB Keith York 0-0: Called Strike
0-1: Ball
1-1: Ball
2-1: Foul Ball, location: 2F
2-2: Ball
3-2: Fly out, F8 (Flyball, 89M, EV 80.0 MPH)
Batting: RHB Wilbert Hall 0-0: Foul Ball, location: 2F
0-1: Foul Ball, location: 2F
0-2: Ball
1-2: Fly out, F9 (Flyball, 9S, EV 83.1 MPH)
Batting: RHB Hal Larson 0-0: SINGLE (Groundball, 56D, EV 100.0 MPH)
Batting: RHB Pedro Marín 0-0: Foul Ball, location: 2F
0-1: Swinging Strike
0-2: Ball
1-2: Foul Ball, location: 2F
1-2: Strikes out swinging
Top of the 4th over - 0 runs, 1 hit, 0 errors, 1 left on base; Phoenix Hotspur 0 - Irving 1
BOTTOM OF THE 4TH
Irving Blue Sox batting - Pitching for Phoenix Hotspur Youth : LHP Michael Esposito
Batting: LHB Wilson Hernández 0-0: Ground out U3 (Groundball, 3, EV 98.1 MPH)
Batting: LHB Ánibal Leobardo 0-0: Ground out 4-3 (Groundball, 34, EV 87.5 MPH)
Batting: SHB Govaart Baars 0-0: Called Strike
0-1: Ground out 5-3 (Groundball, 5S, EV 91.9 MPH)
Bottom of the 4th over - 0 runs, 0 hits, 0 errors, 0 left on base; Phoenix Hotspur 0 - Irving 1
TOP OF THE 5TH
Phoenix Hotspur Youth batting - Pitching for Irving Blue Sox : RHP Joe Holland
Batting: LHB Damian Alldred 0-0: Ball
1-0: Ball
2-0: Called Strike
2-1: Ball
3-1: Foul Ball, location: 2F
3-2: Foul Ball, location: 2F
3-2: Strikes out swinging
Batting: LHB Carel Oskamp 0-0: Ground out 4-3 (Groundball, 4, EV 86.2 MPH)
Batting: RHB Peer Kattenberg 0-0: Ball
1-0: Foul Ball, location: 2F
1-1: Ball
2-1: Foul Ball, location: 2F
2-2: Strikes out looking
Top of the 5th over - 0 runs, 0 hits, 0 errors, 0 left on base; Phoenix Hotspur 0 - Irving 1
BOTTOM OF THE 5TH
Irving Blue Sox batting - Pitching for Phoenix Hotspur Youth : LHP Michael Esposito
Batting: LHB António Escobeda 0-0: Ball
1-0: Ball
2-0: Swinging Strike
2-1: Ball
3-1: Called Strike
3-2: Fly out, F7 (Line Drive, 7, EV 86.2 MPH)
Batting: LHB Phil Beck 0-0: Reached on error, E5 (Groundball, 56, EV 78.8 MPH)
Batting: RHB José García 0-0: Called Strike
0-1: Ball
1-1: Ball
2-1: SINGLE (Groundball, 5D, EV 102.5 MPH)
Phil Beck to second
Batting: RHB Nelson Morán 0-0: Called Strike
0-1: Ball
1-1: Called Strike
1-2: Foul Ball, location: 2F
1-2: Strikes out looking
Batting: SHB Franck Kooijmans 0-0: Ball
1-0: Called Strike
1-1: Ball
2-1: Ball
3-1: Swinging Strike
3-2: Ground out 5-3 (Groundball, 56, EV 84.4 MPH)
Bottom of the 5th over - 0 runs, 1 hit, 1 error, 2 left on base; Phoenix Hotspur 0 - Irving 1
TOP OF THE 6TH
Phoenix Hotspur Youth batting - Pitching for Irving Blue Sox : RHP Joe Holland
Batting: LHB Pancho Coloma 0-0: Ball
1-0: Ball
2-0: Called Strike
2-1: Ground out 5-3 (Groundball, 56, EV 80.0 MPH)
Batting: RHB Nathan Pruitt 0-0: Ball
1-0: Foul Ball, location: 2F
1-1: Fly out, F9 (Line Drive, 9, EV 93.1 MPH)
Batting: LHB Keith York 0-0: Ground out 6-3 (Groundball, 6, EV 83.8 MPH)
Top of the 6th over - 0 runs, 0 hits, 0 errors, 0 left on base; Phoenix Hotspur 0 - Irving 1
BOTTOM OF THE 6TH
Irving Blue Sox batting - Pitching for Phoenix Hotspur Youth : LHP Michael Esposito
Batting: RHB Juan Perales 0-0: Ball
1-0: Foul Ball, location: 2F
1-1: Foul Ball, location: 2F
1-2: Ball
2-2: SINGLE (Groundball, 56D, EV 104.4 MPH)
Batting: LHB Wilson Hernández 0-0: Foul Ball, location: 2F
0-1: 2-RUN HOME RUN (Flyball, 9D, EV 109.4 MPH), Distance : 402 ft
Batting: LHB Ánibal Leobardo 0-0: Ball
1-0: Called Strike
1-1: Called Strike
1-2: Foul Ball, location: 2F
1-2: Strikes out swinging
Batting: SHB Govaart Baars 0-0: Foul Ball, location: 2F
0-1: DOUBLE (Groundball, 5L, EV 106.2 MPH)
Batting: LHB António Escobeda 0-0: Ball
1-0: Called Strike
1-1: Ball
2-1: Ball
3-1: Foul Ball, location: 2F
3-2: Strikes out swinging
Batting: LHB Phil Beck 0-0: Ground out 6-3 (Groundball, 56D, EV 84.4 MPH)
Bottom of the 6th over - 2 runs, 3 hits, 0 errors, 1 left on base; Phoenix Hotspur 0 - Irving 3
TOP OF THE 7TH
Phoenix Hotspur Youth batting - Pitching for Irving Blue Sox : RHP Joe Holland
Batting: RHB Wilbert Hall 0-0: Ground out 5-3 (Groundball, 56S, EV 66.9 MPH)
Pitching: RHP Frank Butler
Batting: RHB Hal Larson 0-0: Called Strike
0-1: Fly out, F6 (Popup, P, EV 70.6 MPH)
Batting: RHB Pedro Marín 0-0: Ball
1-0: Called Strike
1-1: Foul Ball, location: 2F
1-2: Ball
2-2: Foul Ball, location: 2F
2-2: Ball
3-2: Strikes out looking
Top of the 7th over - 0 runs, 0 hits, 0 errors, 0 left on base; Phoenix Hotspur 0 - Irving 3
BOTTOM OF THE 7TH
Irving Blue Sox batting - Pitching for Phoenix Hotspur Youth : LHP Michael Esposito
Batting: RHB José García 0-0: Called Strike
0-1: Ground out 1-3 (Groundball, 13, EV 68.8 MPH)
Batting: RHB Nelson Morán 0-0: Ball
1-0: Swinging Strike
1-1: Ground out 5-3 (Groundball, 56S, EV 76.2 MPH)
Batting: SHB Franck Kooijmans 0-0: Called Strike
0-1: Ball
1-1: Ground out U3 (Groundball, 34, EV 106.9 MPH)
Bottom of the 7th over - 0 runs, 0 hits, 0 errors, 0 left on base; Phoenix Hotspur 0 - Irving 3
TOP OF THE 8TH
Phoenix Hotspur Youth batting - Pitching for Irving Blue Sox : RHP Frank Butler
Batting: LHB Damian Alldred 0-0: Foul Ball, location: 2F
0-1: Called Strike
0-2: Ball
1-2: Foul Ball, location: 2F
1-2: Ground out 4-3 (Groundball, 34D, EV 78.8 MPH)
Batting: LHB Carel Oskamp 0-0: Called Strike
0-1: Foul Ball, location: 2F
0-2: Ball
1-2: Strikes out swinging
Batting: RHB Peer Kattenberg 0-0: Ball
1-0: Called Strike
1-1: Called Strike
1-2: Ball
2-2: Ground out 5-3 (Groundball, 56S, EV 86.9 MPH)
Top of the 8th over - 0 runs, 0 hits, 0 errors, 0 left on base; Phoenix Hotspur 0 - Irving 3
BOTTOM OF THE 8TH
Irving Blue Sox batting - Pitching for Phoenix Hotspur Youth : LHP Michael Esposito
Batting: RHB Juan Perales 0-0: Called Strike
0-1: Ball
1-1: Swinging Strike
1-2: Ball
2-2: Foul Ball, location: 2F
2-2: Foul Ball, location: 2F
2-2: Foul Ball, location: 2F
2-2: Ball
3-2: Foul Ball, location: 2F
3-2: Base on Balls
Pitching: RHP Peter Williams
Batting: LHB Wilson Hernández 0-0: Ground out 4-3 (Groundball, 34D, EV 104.4 MPH)
Juan Perales to second
Batting: LHB Ánibal Leobardo 0-0: DOUBLE (Line Drive, 8LXD, EV 101.9 MPH)
Juan Perales scores
Batting: SHB Govaart Baars 0-0: Called Strike
0-1: Foul Ball, location: 2F
0-2: Ball
1-2: Foul Ball, location: 2F
1-2: Ball
2-2: Foul Ball, location: 2F
2-2: Foul Ball, location: 2F
2-2: 2-RUN HOME RUN (Flyball, 78XD, EV 90.6 MPH), Distance : 441 ft
Batting: LHB António Escobeda 0-0: Ball
1-0: Ball
2-0: Ground out 4-3 (Groundball, 4, EV 87.5 MPH)
Batting: LHB Phil Beck 0-0: Foul Ball, location: 2F
0-1: Fly out, F9 (Line Drive, 9, EV 94.4 MPH)
Bottom of the 8th over - 3 runs, 2 hits, 0 errors, 0 left on base; Phoenix Hotspur 0 - Irving 6
TOP OF THE 9TH
Phoenix Hotspur Youth batting - Pitching for Irving Blue Sox : RHP Frank Butler
Batting: LHB Pancho Coloma 0-0: Ball
1-0: Ball
2-0: SINGLE (Groundball, 4S, EV 71.9 MPH) (infield hit)
Batting: RHB Nathan Pruitt 0-0: Called Strike
0-1: Ball
1-1: Swinging Strike
1-2: Ball
2-2: Foul Ball, location: 2F
2-2: Foul Ball, location: 2F
2-2: Ball
3-2: Strikes out swinging
Batting: LHB Keith York 0-0: Ball
1-0: Ball
2-0: Fly out, F7 (Line Drive, 7, EV 96.9 MPH)
Batting: RHB Wilbert Hall 0-0: Fielders Choice at 2nd, 6-4 (Groundball, 6, EV 84.4 MPH)
Top of the 9th over - 0 runs, 1 hit, 0 errors, 1 left on base; Phoenix Hotspur 0 - Irving 6
Thursday, January 23rd, 2020 - OOTP Baseball 20.8 Build 74